 Dungeon Crawl Stone Soup version 0.24-a0-487-g57318f2ed0 (webtiles) character file.

Game seed: 2805708801530456052

3026 OctoZ the Destroyer (level 9, -8/57 HPs)
             Began as a Mummy Conjurer on July 10, 2019.
             Was an Initiate of Ashenzari.
             Mangled by an orc warrior
             ... wielding a +0 trident
              (16 damage)
             ... on level 7 of the Dungeon.
             The game lasted 00:17:17 (11568 turns).

OctoZ the Destroyer (Mummy Conjurer)               Turns: 11568, Time: 00:17:18

Health: -8/57      AC:  6    Str: 11    XL:     9   Next: 55%
Magic:  2/17       EV: 12    Int: 18    God:    Ashenzari [......]
Gold:   419        SH:  0    Dex: 12    Spells: 9/19 levels left

rFire    x . .     SeeInvis .   s - +4 dagger (venom)
rCold    + . .     Gourm    .   (no shield)
rNeg     + + +     Faith    .   a - +0 robe
rPois    ∞         Spirit   .   (no helmet)
rElec    .         Reflect  .   h - +0 cloak
rCorr    .         Harm     .   (no gloves)
MR       +....                  e - +2 pair of boots
Stlth    ++........             (no amulet)
HPRegen  0.19/turn              b - ring of wizardry
MPRegen  0.15/turn              (no ring)

@: very slightly contaminated
A: no food or potions, fire vulnerability, cold resistance 1, negative energy
resistance 3, torment resistance, unbreathing
a: Curse Item, Renounce Religion


You were on level 7 of the Dungeon.
You worshipped Ashenzari.
Ashenzari was noncommittal.
You were not hungry.

You visited 2 branches of the dungeon, and saw 8 of its levels.

You collected 419 gold pieces.

Inventory:

Hand Weapons
 s - a +4 dagger of venom (weapon)
Missiles
 i - a throwing net (quivered)
Armour
 a - a +0 robe (worn)
 e - a +2 pair of boots (worn)
 h - a +0 cloak (worn)
 j - a +0 buckler
Magical Staves
 l - an uncursed staff of earth
Jewellery
 b - a ring of wizardry (left hand)
Wands
 g - a wand of iceblast (6)
Scrolls
 c - a scroll of blinking
 d - 2 scrolls of teleportation
 f - a scroll of amnesia
 k - a scroll of fear {unknown}
 m - 2 scrolls of remove curse
 n - a scroll of enchant armour
 o - a scroll of vulnerability {unknown}


   Skills:
 - Level 1.5 Dodging
 - Level 1.5 Stealth
 + Level 5.5 Spellcasting
 + Level 11.1 Conjurations


You had 9 spell levels left.
You knew the following spells:

 Your Spells              Type           Power        Failure   Level  Hunger
a - Magic Dart            Conj           ####         1%          1    N/A
b - Searing Ray           Conj           #####.       1%          2    N/A
c - Iskenderun's Mystic   Conj           #####...     1%          4    N/A
d - Dazzling Spray        Conj/Hex       ####..       1%          3    N/A

Your spell library contained the following spells:

 Spells                   Type           Power        Failure   Level  Hunger
 Animate Skeleton         Necr           N/A          5%          1    N/A
 Apportation              Tloc           #.....       5%          1    N/A
 Confusing Touch          Hex            #.....       5%          1    N/A
 Corona                   Hex            #......      5%          1    N/A
 Summon Small Mammal      Summ           #...         5%          1    N/A
 Force Lance              Conj/Tloc      ####....     5%          4    N/A
 Fulminant Prism          Conj/Hex       ####......   5%          4    N/A
 Ensorcelled Hibernation  Hex/Ice        #.....       8%          2    N/A
 Confuse                  Hex            #.......     16%         3    N/A
 Tukima's Dance           Hex            #.......     16%         3    N/A

Dungeon Overview and Level Annotations

Branches:
Dungeon (7/15)             Temple (1/1) D:5

Altars:
Ashenzari
Cheibriados
Elyvilon
Fedhas
Gozag
Kikubaaqudgha
Makhleb
Nemelex Xobeh
Okawaru
Qazlal
Ru
Sif Muna
Trog
Vehumet
Wu Jian
Yredelemnul
Zin


Innate Abilities, Weirdness & Mutations

You do not eat or drink.
Your flesh is vulnerable to fire.
You are immune to poison.
Your flesh is cold resistant. (rC+)
You are immune to negative energy. (rN+++)
You are immune to unholy pain and torment.
You can survive without breathing.


Message History

You hit the orc.
The orc is moderately wounded.
You puncture the orc!
You kill the orc!
The orc misses you.
You hit the orc but do no damage. The orc hits you.
* * * LOW HITPOINT WARNING * * *
You barely miss the orc. The orc hits you.
* * * LOW HITPOINT WARNING * * *
Casting: Magic Dart (safe; 1% risk of failure)
Confirm with . or Enter, or press ? or * to list all spells.
Aiming: Magic Dart (safe; 1% risk of failure)
Press: ? - help, Shift-Dir - straight line, f - orc
Aim: an orc, wearing a +0 chain mail The magic dart hits the orc but does no damage.
The orc hits you.
* * * LOW HITPOINT WARNING * * *
Unknown command.
The orc warrior hits you with a +0 trident!
You die...

.....######.#......#
####.# #.#......#
.o...# #.#......#
.....# #........#
.....#
######.######### #
.....# #...)##......
.. .....#
#....##....#######.#
.....#
#...o##....##......#
.###.#
#...@##....##......#
####.o.....'...#
#######....##..# #
#......######).##...#
#......# #......_..
#......#####(##.#...#
#..........((# .# .##
#......####### .. #
#............# ##


You could see an orc warrior and an orc.

Vanquished Creatures
  Grinder (D:4)
  Sigmund (D:6)
  Eustachio (D:6)
  Edmund (D:4)
  Duvessa (D:5)
  A sky beast (D:5)
  An ice beast (D:6)
  An orc warrior (D:6)
  A black bear (D:6)
  2 ogres (D:6)
  3 centaurs
  3 bullfrogs
  3 scorpions
  Dowan (D:5)
  2 vampire bats (D:2)
  A crimson imp (D:6)
  A bullfrog zombie (D:6)
  5 hounds
  An orc priest (D:6)
  Crazy Yiuf (D:6)
  2 bullfrog skeletons (D:5)
  A centaur skeleton (D:4)
  15 orc wizards
  A worker ant (D:7)
  2 howler monkey zombies (D:5)
  3 gnolls (D:2)
  A worker ant zombie (D:4)
  11 adders
  An adder zombie (D:6)
  An adder skeleton (D:6)
  2 worms
  8 dart slugs
  3 leopard geckos
  20 orcs
  2 bat skeletons (D:2)
  3 bat zombies (D:2)
  2 giant cockroaches
  2 gnoll zombies (D:3)
  10 goblins
  5 hobgoblins
  7 jackals
  A kobold (D:1)
  3 quokkas
  2 ball pythons
  2 bats
  5 frilled lizards
  A leopard gecko zombie (D:5)
  7 rats
155 creatures vanquished.

Notes
Turn   | Place    | Note
-------+----------+-------------------------------------------
     0 | D:1      | OctoZ the Mummy Conjurer began the quest for the Orb.
     0 | D:1      | Reached XP level 1. HP: 13/13 MP: 4/4
   524 | D:1      | Reached XP level 2. HP: 18/19 MP: 0/5
   949 | D:2      | Reached skill level 4 in Conjurations
  1167 | D:2      | Reached XP level 3. HP: 24/24 MP: 1/7
  1807 | D:2      | Found an ancient bone altar of Kikubaaqudgha.
  1814 | D:2      | Reached XP level 4. HP: 29/30 MP: 0/8
  1892 | D:2      | Reached skill level 5 in Conjurations
  2002 | D:2      | Reached XP level 5. HP: 34/35 MP: 2/9
  3350 | D:3      | Found a basalt altar of Yredelemnul.
  3836 | D:4      | Noticed Edmund
  3888 | D:3      | Learned a level 2 spell: Searing Ray
  3970 | D:4      | Reached skill level 6 in Conjurations
  4025 | D:4      | Found a deep blue altar of Sif Muna.
  4114 | D:4      | Reached XP level 6. HP: 41/41 MP: 5/10
  4449 | D:4      | Found an iron altar of Okawaru.
  4559 | D:4      | Killed Edmund
  4948 | D:4      | Reached skill level 7 in Conjurations
  5149 | D:4      | Noticed Grinder
  5168 | D:4      | Reached XP level 7. HP: 30/46 MP: 6/11
  5172 | D:4      | Killed Grinder
  5341 | D:5      | Entered Level 5 of the Dungeon
  5708 | D:5      | Reached skill level 8 in Conjurations
  5838 | D:5      | Found a burning altar of Makhleb.
  6897 | D:5      | Found a staircase to the Ecumenical Temple.
  6906 | Temple   | Entered the Ecumenical Temple
  6946 | Temple   | Became a worshipper of Ashenzari the Shackled
  7000 | D:5      | Noticed Dowan
  7016 | D:5      | Killed Dowan
  7016 | D:5      | Reached XP level 8. HP: 49/52 MP: 2/12
  7027 | D:5      | Noticed Duvessa
  7513 | D:5      | Killed Duvessa
  7600 | D:5      | Reached skill level 9 in Conjurations
  7927 | D:5      | Found a snail-covered altar of Cheibriados.
  7949 | D:6      | Learned a level 4 spell: Iskenderun's Mystic Blast
  8026 | D:6      | Found a runed translucent door.
  8027 | D:6      | Noticed Crazy Yiuf
  8942 | D:6      | Reached skill level 10 in Conjurations
  9218 | D:6      | Noticed Sigmund
  9251 | D:6      | Killed Sigmund
  9641 | D:6      | Reached XP level 9. HP: 57/57 MP: 9/13
  9846 | D:6      | Noticed Eustachio
  9860 | D:6      | Killed Eustachio
 10300 | D:6      | Learned a level 3 spell: Dazzling Spray
 10874 | D:6      | Found a blossoming altar of Fedhas.
 11016 | D:6      | Killed Crazy Yiuf
 11086 | D:7      | Reached skill level 11 in Conjurations
 11298 | D:7      | Found a stormy altar of Qazlal.
 11303 | D:7      | Reached skill level 5 in Spellcasting
 11568 | D:7      | Mangled by an orc warrior

Levels and vault maps discovered:
D:1:      nzn_arrival_water_spiral, layout_basic, minmay_misc_feat_square
D:2:      layout_basic, kennysheep_vampire_church
D:3:      layout_loops_ring, lemuel_zombie_altar_yredelemnul
D:4:      minmay_wonky_spiral, layout_loops_ring, kennysheep_mini,
          okawaru_metal_pillars_1_2, uniq_grinder, uniq_edmund
D:5:      kennysheep_slugbush, layout_basic, kennysheep_slug_shrine,
          bloody_makhleb, minmay_temple_entry_large_hall, first_ration,
          uniq_duvessa
D:6:      minmay_flawed_box, layout_basic, overflow_temple_1_default,
          minmay_ogre_servants, uniq_eustachio, uniq_crazy_yiuf_cottage,
          uniq_sigmund
D:7:      layout_basic, marbit_many_paths, nicolae_overflow_hidden_temple,
          nicolae_overflow_crystal_walls, minmay_misc_feat_four_crosses
Temple:   jpeg_temple_island

Skill      XL: |  1  2  3  4  5  6  7  8  9 |
---------------+----------------------------+-----
Conjurations   | 4 5 6 7 8 10 11 | 11.1
Spellcasting   | 5 |  5.5
Dodging        | |  1.5
Stealth        | |  1.5

Action                   |  1- 3 |  4- 6 |  7- 9 || total
-------------------------+-------+-------+-------++-------
Melee: Dagger            |    15 |    21 |    51 ||    87
 Cast: Magic Dart        |    57 |   123 |   209 ||   389
       Searing Ray       |       |     8 |    34 ||    42
       Dazzling Spray    |       |       |    15 ||    15
  Use: Scroll            |       |       |     8 ||     8
 Stab: Invisible         |       |       |     2 ||     2
Armor: Robe              |     4 |    18 |    34 ||    56
Dodge: Dodged            |    12 |    34 |    93 ||   139

Table legend:
 A = Non-vault XP
 B = Vault XP
 C = Vault XP percentage of total XP
 D = Non-vault monster count
 E = Vault monster count
 F = Vault count percentage of total count
                 A         B        C        D         E       F
            +---------+---------+-------+---------+---------+-------
      Total |    2517 |    1807 |  41.8 |     111 |      44 |  28.4
            +---------+---------+-------+---------+---------+-------
        D:1 |      18 |       0 |   0.0 |      11 |       0 |   0.0
        D:2 |     110 |     124 |  53.0 |      20 |       7 |  25.9
        D:3 |      28 |       4 |  12.5 |       9 |       2 |  18.2
        D:4 |     247 |     512 |  67.5 |      13 |       6 |  31.6
        D:5 |     638 |     236 |  27.0 |      18 |       9 |  33.3
        D:6 |    1071 |     931 |  46.5 |      29 |      20 |  40.8
        D:7 |     405 |       0 |   0.0 |      11 |       0 |   0.0
            +---------+---------+-------+---------+---------+-------
